 Dungeon Crawl Stone Soup version 0.20-a0-959-gdc9e609 (webtiles) character file.

1545 inmateoo the Conjurer (level 8, -8/60 HPs)
             Began as a Demonspawn Conjurer on Apr 6, 2017.
             Was an Initiate of Vehumet.
             Mangled by an unseen horror (9 damage)
             ... on level 6 of the Dungeon.
             The game lasted 00:30:17 (7365 turns).

inmateoo the Conjurer (Demonspawn Conjurer)         Turns: 7365, Time: 00:30:18

Health: -8/60      AC:  5    Str:  9    XL:     8   Next: 56%
Magic:  12/14      EV: 14    Int: 19    God:    Vehumet [......]
Gold:   316        SH:  5    Dex: 13    Spells: 9/15 levels left

rFire    . . .     SeeInvis .   k - +0 dagger
rCold    . . .     Gourm    .   (no shield)
rNeg     . . .     Faith    .   a - +0 robe
rPois    +         Spirit   .   (no helmet)
rElec    .         Reflect  +   (no cloak)
rCorr    .         Harm     .   (no gloves)
MR       .....                  (no boots)
Stlth    ++........             d - +5 amulet of reflection
Regen    0.2/turn               l - ring of wizardry
MPRegen  0.2/turn               v - ring of poison resistance

@: hasted, very quick
A: hooves 1, icy blue scales 2, spiny 1, rot immunity
a: Renounce Religion


You were on level 6 of the Dungeon.
You worshipped Vehumet.
Vehumet was noncommittal.
You were hungry.

You visited 2 branches of the dungeon, and saw 7 of its levels.

You collected 316 gold pieces.

Inventory:

Hand Weapons
 k - a +0 dagger (weapon)
Missiles
 i - 7 poisoned needles
 j - 145 stones (quivered)
Armour
 a - a +0 robe (worn)
Jewellery
 d - a +5 amulet of reflection (around neck)
 l - a ring of wizardry (left hand)
 v - a ring of poison resistance (right hand)
 w - an uncursed ring of resist corrosion {unknown}
 y - an uncursed ring of protection from cold {unknown}
 C - an uncursed amulet of magic regeneration {unknown}
 H - a +2 ring of evasion {unknown}
Wands
 E - a wand of enslavement (6/24)
 F - a wand of polymorph (19/24)
Scrolls
 f - a scroll of recharging
 n - a scroll of magic mapping {unknown}
 p - 2 scrolls of enchant weapon {unknown}
 r - 6 scrolls of identify
 s - 2 scrolls of teleportation {unknown}
 u - a scroll of remove curse {unknown}
Potions
 e - 2 potions of haste
 g - a potion of brilliance {unknown}
 m - 2 potions of curing
 q - 2 potions of might
 t - a potion of ambrosia {unknown}
 x - 2 potions of flight {unknown}
Books
 b - a book of Conjurations

   Spells                             Type                      Level
   a - Magic Dart                     Conjuration                  1
   b - Searing Ray                    Conjuration                  2
   c - Dazzling Spray                 Conjuration/Hexes            3
   d - Fulminant Prism                Conjuration/Hexes            4
   e - Force Lance                    Conjuration/Translocation    4
   f - Iskenderun's Mystic Blast      Conjuration                  4
 A - a book of Misfortune

   Spells                             Type                      Level
   a - Confusing Touch                Hexes                        1
   b - Confuse                        Hexes                        3
   c - Gell's Gravitas                Translocation                3
   d - Petrify                        Transmutation/Earth          4
   e - Metabolic Englaciation         Hexes/Ice                    5
   f - Yara's Violent Unravelling     Hexes/Transmutation          5
Comestibles
 c - 6 bread rations
 h - 2 royal jellies
 B - a meat ration


   Skills:
 + Level 4.2 Fighting
 + Level 4.1 Dodging
 + Level 4.6 Stealth
 + Level 4.1 Spellcasting
 * Level 7.7 Conjurations


You had 9 spell levels left.
You knew the following spells:

 Your Spells              Type           Power        Failure   Level  Hunger
a - Magic Dart            Conj           ####         1%          1    None
b - Searing Ray           Conj           ####..       1%          2    ##.....
c - Dazzling Spray        Conj/Hex       ###...       4%          3    ###....


Dungeon Overview and Level Annotations

Branches:
Dungeon (6/15)             Temple (1/1) D:6

Altars:
Ashenzari
Cheibriados
Dithmenos
Elyvilon
Fedhas
Gozag
Kikubaaqudgha
Makhleb
Nemelex Xobeh
Okawaru
Qazlal
Ru
Sif Muna
Trog
Uskayaw
Vehumet
Wu Jian
Xom
Yredelemnul
Zin
The Shining One


Innate Abilities, Weirdness & Mutations

You have large cloven feet.
You are mostly covered in icy blue scales. (AC +3)
You are partially covered in sharp spines.
You are immune to rotting.


Message History

f - a scroll of recharging You block something's attack.
As you read the scroll labeled CUNALYDUON, it crumbles to dust.
Your brain hurts!
It was a scroll of random uselessness.
Something hits you.
* * * LOW HITPOINT WARNING * * *
Unknown command.
As you read the scroll labeled NOZENTIETI, it crumbles to dust.
You assume a fearsome visage.
It was a scroll of fear.
Something hits you.
* * * LOW HITPOINT WARNING * * *
Unknown command.
As you read the scroll labeled QICOC TIAWAMP, it crumbles to dust.
You hear a loud clanging noise!
It was a scroll of noise.
You hear a bark!
You hear an angry hiss.
You hear a loud, deep croak!
Something hits you!
* * * LOW HITPOINT WARNING * * *
Unknown command.
It was a potion of haste.
You feel yourself speed up. Something hits you!
You die...

...................# #.#
#...... ..####..#####......#
#.# #...... .
#..#####......####+###.^....
##..#........####....########
...#........####....# #...
.#..#........##......#####...
..#..#........##..............
..
#..#.....#+###..........(...
#..........@................
#.#######.........<....##### #
#...........####...#
#........#####......
#........# ##.......
#..........# #....≈≈≈.
........#######...≈≈≈≈≈
.......... #.....≈≈...≈
........... #._...≈≈.>)≈


There were no monsters in sight!

Vanquished Creatures
  An orc warrior (D:6)
  A phantom (D:4)
  An ice beast (D:6)
  A sky beast (D:5)
  2 ogres
  3 centaurs (D:5)
  A crimson imp (D:6)
  4 orc priests
  3 bullfrog skeletons (D:5)
  5 hounds
  5 orc wizards
  3 worker ants
  6 adders
  A gnoll (D:1)
  2 oozes (D:4)
  2 worms
  4 dart slugs
  4 leopard geckos
  16 orcs
  10 bats
  5 giant cockroaches
  3 goblins
  3 hobgoblins
  4 jackals
  6 kobolds
  3 quokkas
  2 ball pythons
  4 frilled lizards
  A jackal zombie (D:6)
  A quokka skeleton (D:5)
  6 rats
113 creatures vanquished.

Notes
Turn   | Place    | Note
-------+----------+-------------------------------------------
     0 | D:1      | inmateoo the Demonspawn Conjurer began the quest for the Orb.
     0 | D:1      | Reached XP level 1. HP: 13/13 MP: 3/3
   333 | D:1      | Gained mutation: You are partially covered in icy blue scales. (AC +2) [demonic ancestry]
   333 | D:1      | Reached XP level 2. HP: 12/19 MP: 0/5
   964 | D:2      | Learned a level 2 spell: Searing Ray
  1403 | D:2      | Reached XP level 3. HP: 23/24 MP: 0/6
  2190 | D:3      | Found a snail-covered altar of Cheibriados.
  2368 | D:3      | You fall through a shaft!
  2379 | D:4      | Learned a level 3 spell: Dazzling Spray
  2397 | D:4      | Found a basalt altar of Yredelemnul.
  2402 | D:4      | Gained mutation: You are mostly covered in icy blue scales. (AC +3) [demonic ancestry]
  2402 | D:4      | Reached XP level 4. HP: 31/31 MP: 3/7
  2511 | D:4      | Noticed a phantom
  2556 | D:4      | Reached skill level 5 in Conjurations
  2563 | D:4      | Reached skill level 1 in Fighting
  2690 | D:4      | Gained mutation: You are partially covered in sharp spines. [demonic ancestry]
  2690 | D:4      | Reached XP level 5. HP: 27/37 MP: 3/8
  2926 | D:4      | Killed a phantom
  3064 | D:5      | Entered Level 5 of the Dungeon
  3259 | D:5      | Gained mutation: You have large cloven feet. [demonic ancestry]
  3259 | D:5      | Reached XP level 6. HP: 36/43 MP: 1/10
  3911 | D:4      | Reached skill level 6 in Conjurations
  4209 | D:5      | Gained mutation: You are immune to rotting. [demonic ancestry]
  4209 | D:5      | Reached XP level 7. HP: 39/51 MP: 6/11
  4762 | D:5      | Found a shimmering altar of Xom.
  4922 | D:5      | Reached skill level 7 in Conjurations
  5046 | D:5      | Reached XP level 8. HP: 58/58 MP: 4/13
  5373 | D:5      | Found a glowing silver altar of Zin.
  5380 | D:5      | Found a hide-covered altar of Uskayaw.
  5385 | D:5      | Found a blossoming altar of Fedhas.
  5392 | D:5      | Found an ancient bone altar of Kikubaaqudgha.
  5397 | D:5      | Found a shadowy altar of Dithmenos.
  5404 | D:5      | Found a stormy altar of Qazlal.
  5409 | D:5      | Found a sacrificial altar of Ru.
  6350 | D:6      | Found an ornate altar of the Wu Jian Council.
  6856 | D:6      | Found a staircase to the Ecumenical Temple.
  6918 | Temple   | Entered the Ecumenical Temple
  7122 | Temple   | Became a worshipper of Vehumet
  7181 | D:6      | Found a deep blue altar of Sif Muna.
  7364 | D:6      | HP: 1/60 [something (11)]
  7365 | D:6      | Mangled by an unseen horror

Vault maps used:
D:1:      evilmike_arrival_hilbert_curve
D:3:      cheibriados_altar_1
D:4:      yredelemnul_altar_generic
D:5:      grunt_temple_overflow_octagram, nicolae_overflow_crystal_walls,
          first_bread, kennysheep_pointless_box, kennysheep_small_square
D:6:      tgw_sif, minmay_temple_entry_overgrown, basic_altar
Temple:   grunt_temple_mini_profane

Skill      XL: |  1  2  3  4  5  6  7  8 |
---------------+-------------------------+-----
Dodging        | 2 3 4 |  4.1
Stealth        | 2 3 4 |  4.6
Conjurations   | 5 6 7 |  7.7
Fighting       | 1 2 3 4 |  4.2
Spellcasting   | 3 4 |  4.1

Action                   |  1- 3 |  4- 6 |  7- 9 || total
-------------------------+-------+-------+-------++-------
Melee: Unarmed           |     2 |       |       ||     2
       Dagger            |    79 |    13 |    65 ||   157
       Kick              |       |     1 |    14 ||    15
Throw: Stone             |       |    11 |     1 ||    12
 Cast: Magic Dart        |    49 |    26 |    35 ||   110
       Searing Ray       |     6 |     9 |    18 ||    33
       Dazzling Spray    |       |     3 |    10 ||    13
  Use: Potion            |       |     1 |     1 ||     2
       Scroll            |       |       |     4 ||     4
 Stab: Sleeping          |       |     1 |     5 ||     6
       Invisible         |       |     1 |       ||     1
       Distracted        |       |       |     1 ||     1
  Eat: Chunk             |     5 |     5 |     8 ||    18
       Fruit             |       |     2 |     3 ||     5
Armor: Robe              |    43 |    10 |    15 ||    68
Dodge: Dodged            |    72 |    25 |    56 ||   153
Block: Other             |    27 |     7 |    21 ||    55
       Reflection        |     1 |       |     2 ||     3
